 Dungeon Crawl Stone Soup version 0.27-a0-54-g64bdb92e38 (webtiles) character file.

Game seed: 2713811966195549787

51 tatocazan the Insei (level 3, 0/23 HPs)
             Began as an Octopode Transmuter on Jan 7, 2021.
             Shot with a stone by a goblin (8 damage)
             ... led by Robin
             ... on level 2 of the Dungeon.
             The game lasted 00:01:21 (1528 turns).

tatocazan the Insei (Octopode Transmuter)           Turns: 1528, Time: 00:01:22

Health: 0/23       AC:  1    Str:  9    XL:     3   Next: 83%
Magic:  4/6        EV: 13    Int: 16    God:
Gold:   79         SH:  0    Dex: 12    Spells: 3/6 levels left

rFire    . . .     SeeInvis .     - Unarmed
rCold    . . .     Faith    .   (no shield)
rNeg     . . .     Spirit   .   (helmet restricted)
rPois    .         Reflect  .   (no amulet)
rElec    .         Harm     .   (no ring)
rCorr    .         Rampage  .   (no ring)
Will     .....                  (no ring)
Stlth    +++.......             (no ring)
HPRegen  0.07/turn              (no ring)
MPRegen  0.10/turn              (no ring)
                                (no ring)
                                (no ring)

@: no status effects
A: almost no armour, stealthy swim, amphibious, 8 rings, constrict 8, camouflage
1, gelatinous body 1
a: no special abilities


You were on level 2 of the Dungeon.
You visited 1 branch of the dungeon, and saw 2 of its levels.

You collected 79 gold pieces.

Inventory:

Scrolls
 a - 3 scrolls of amnesia {unknown}
 d - a scroll of remove curse {unknown}
 e - 3 scrolls of identify {unknown}
 f - a scroll of enchant armour {unknown}
 g - 3 scrolls of teleportation {unknown}
Potions
 b - a potion of lignification {unknown}
 c - a potion of cancellation {unknown}
 h - a potion of attraction {unknown}


   Skills:
 + Level 1.5 Fighting
 + Level 2.2 Dodging
 * Level 2.1 Stealth
 + Level 3.2 Unarmed Combat
 + Level 2.2 Spellcasting
 * Level 2.7 Transmutations


You had 3 spell levels left.
You knew the following spells:

 Your Spells              Type           Power        Failure   Level
a - Beastly Appendage     Tmut           20%          7%          1
b - Wereblood             Tmut           10%          10%         2

Your spell library contained the following spells:

 Spells                   Type           Power        Failure   Level
 Spider Form              Tmut/Pois      3%           34%         3
 Ice Form                 Ice/Tmut       6%           75%         4
 Blade Hands              Tmut           5%           88%         5


Dungeon Overview and Level Annotations

Branches:
Dungeon (2/15)

Altars:


Innate Abilities, Weirdness & Mutations

You cannot wear most types of armour.
You are very stealthy in the water. (Stealth+)
You are amphibious.
You can wear up to eight rings at the same time.
You can use your tentacles to constrict eight enemies at once.
Your skin changes colour to match your surroundings (Stealth+).
Your rubbery body absorbs attacks. (AC +1, EV +1)


Message History

Robin is severely wounded.
You constrict Robin. The goblin misses you.
You bludgeon Robin!
You kill Robin!
The goblin hits you but does no damage.
The goblin unwields a +0 club.
The goblin wields a +0 hunting sling.
The goblin shoots a stone.
The stone misses you.
The stone hits the goblin.
The goblin dies!
Your Stealth skill increases to level 2!
You bludgeon the goblin!
You kill the goblin!
The goblin shoots a stone.
The stone hits you but does no damage.
A hobgoblin comes into view. It is wielding a +0 club.
You howl as the wereblood boils in your veins!
Your primal bloodlust has ended.
The hobgoblin closely misses you.
Found a club.
Items here: )) [[ ††.
The goblin shoots a stone.
The stone hits you!
You die...

#..#............
######..###.########
.......>.....#
######.##...#
#.##...# #.######
#)# #(# #@# #)#
.....ggg.......
.......r.......
...............
.....#.........
)....#......... ####
######.### .#


You could see a quokka, a hobgoblin (strong) and a goblin (strong).

Vanquished Creatures
  Robin (D:2)
  2 leopard geckos (D:1)
  A ball python (D:1)
  4 giant cockroaches (D:1)
  7 goblins
  5 hobgoblins
  3 jackals (D:2)
  3 bats
  A frilled lizard (D:2)
  5 kobolds
  3 rats
35 creatures vanquished.

Vanquished Creatures (others)
  A goblin (D:2)
1 creature vanquished.

Grand Total: 36 creatures vanquished

Notes
Turn   | Place    | Note
-------+----------+-------------------------------------------
     0 | D:1      | tatocazan the Octopode Transmuter began the quest for the
                  | Orb.
     0 | D:1      | Reached XP level 1. HP: 13/13 MP: 3/3
   538 | D:1      | Reached skill level 1 in Stealth
   538 | D:1      | Reached XP level 2. HP: 18/18 MP: 5/5
  1110 | D:1      | Reached XP level 3. HP: 22/23 MP: 6/6
  1353 | D:2      | Learned a level 2 spell: Wereblood
  1517 | D:2      | Noticed Robin
  1525 | D:2      | Killed Robin
  1528 | D:2      | Shot with a stone by a goblin

Illustrated notes

Levels and vault maps discovered:
D:1:      minmay_arrival_three_doors, layout_basic
D:2:      layout_basic, lemuel_coloured_pillars_altar, minivault_4,
          uniq_natasha, uniq_robin, uniq_jessica

Skill      XL: |  1  2  3 |
---------------+----------+-----
Stealth        | 1 2 |  2.1
Fighting       | |  1.5
Dodging        | |  2.2
Unarmed Combat | |  3.2
Spellcasting   | |  2.2
Transmutations | |  2.7

Action                   || total
-------------------------++-------
Melee: Unarmed           ||    77
       Tentacles         ||     8
       Constrict         ||    18
       Kick              ||     2
       Punch             ||     1
 Cast: Beastly Appendage ||     5
       Wereblood         ||     1
 Stab: Sleeping          ||     6
Armor: Skin              ||     4
Dodge: Dodged            ||    41

Table legend: (Time is in decaauts)
 A = Elapsed time spent in this place.
 B = Non-inter-level travel time spent in this place.
 C = Inter-level travel time spent in this place.
 D = Time resting spent in this place.
 E = Time spent auto-exploring this place.
 F = Levels seen in this place.
 G = Mean time per level.
                   A        B        C        D        E       F      G
               +--------+--------+--------+--------+--------+-----+--------+
         Total |   1523 |   1496 |     27 |    187 |   1117 |   2 |  761.5 |
       Dungeon |   1523 |   1496 |     27 |    187 |   1117 |   2 |  761.5 |
               +--------+--------+--------+--------+--------+-----+--------+

Top non-repeatable levels by time:
     D:1: 1295 daAuts
     D:2: 228 daAuts
